Construct Infanterie Kompanie
Construct Panzergrenadier Kompanie
Pak 40 Anti-tank Gun Team
Construct Panzer Kompanie
Selects Luftwaffe Battlegroup
Selects Stuka Strafing Run
Selects Fallschirmjäger Squad Paradrop
Selects Luftwaffe Pioneer Support
Fallschirmpioneer Squad Paradrop
Fallschirmjäger Squad Paradrop
Fallschirmpioneer Squad Paradrop
Selects Flak 38 Anti-Air Emplacement
Selects Flak 36 Anti-tank Gun Emplacement
Nebelwerfer 42 Rocket Launcher Team
Fallschirmpioneer Squad Paradrop
Fallschirmpioneer Squad Paradrop
Fallschirmpioneer Squad Paradrop
Fallschirmpioneer Squad Paradrop
Fallschirmpioneer Squad Paradrop
Pak 40 Anti-tank Gun Team
Fallschirmpioneer Squad Paradrop
Fallschirmpioneer Squad Paradrop